 Dungeon Crawl Stone Soup version 0.28-a0-1520-gc3277d3759 (webtiles) character file.

Game seed: 1568549512031247530

6549 Skulm the Cleaver (level 10, -20/91 HPs)
             Began as a Minotaur Berserker on Jan 17, 2022.
             Was an Elder of Trog.
             Collided with a rock wall (22 damage)
             ... caused by Erica
             ... on level 9 of the Dungeon on Jan 18, 2022.
             The game lasted 01:45:17 (11443 turns).

Skulm the Cleaver (Minotaur Berserker)             Turns: 11443, Time: 01:45:22

Health: -20/91     AC: 14    Str: 27    XL:     10   Next: 70%
Magic:  9/9        EV: 12    Int:  4    God:    Trog [****..]
Gold:   447        SH:  0    Dex: 15    Spells: 9/9 levels left

rFire   x . .      SeeInvis .   K - +3 war axe (freeze)
rCold   + . .      Faith    .   (no shield)
rNeg    . . .      Spirit   .   m - +0 chain mail
rPois   .          Reflect  .   (helmet restricted)
rElec   .          Harm     .   (no cloak)
rCorr   .          Rampage  .   d - +2 pair of gloves
Will    .....                   (no boots)
Stlth   ..........              (no amulet)
HPRegen 0.25/turn               j - +6 ring of dexterity
MPRegen 0.11/turn               c - ring of ice

@: on berserk cooldown, slowed, very slow
A: horns 2, retaliatory headbutt
a: Renounce Religion, Berserk, Trog's Hand, Brothers in Arms


You were on level 9 of the Dungeon.
You worshipped Trog.
Trog was greatly pleased with you.
You visited 2 branches of the dungeon, and saw 11 of its levels.

You collected 531 gold pieces.
You spent 84 gold pieces at shops.

Inventory:

Hand Weapons
 b - a +0 giant club
 l - a +0 war axe of freezing
 q - a +0 hand axe of freezing
 G - a +0 flail
 H - the +6 dire flail "Juovvaid" {drain, rF+++}
   (You took it off a two-headed ogre on level 7 of the Dungeon)

   A truly terrible weapon, it drains the life of any living foe it strikes.
   rF:        It renders you almost immune to fire.
 I - a +4 great mace
 K - a +3 war axe of freezing (weapon)
Missiles
 e - 182 stones (quivered)
 o - 18 poisoned darts
 y - 8 large rocks
 A - 3 throwing nets
Armour
 d - a +2 pair of gloves (worn)
 i - a +1 scale mail of fire resistance
 m - a +0 chain mail (worn)
Magical Staves
 x - a staff of air
Jewellery
 c - a ring of ice (right hand)
 j - a +6 ring of dexterity (left hand)
 u - a ring of ice
Wands
 h - a wand of flame (23)
 w - a wand of acid (9)
 B - a wand of polymorph (13)
Scrolls
 a - a scroll of blinking {unknown}
 f - a scroll of fear
 g - a scroll of brand weapon
 s - 10 scrolls of identify
 v - a scroll of fog {unknown}
 z - a scroll of enchant weapon {unknown}
 E - a scroll of magic mapping {unknown}
Potions
 k - 4 potions of berserk rage
 n - 2 potions of attraction {unknown}
 p - a potion of brilliance {unknown}
 r - a potion of mutation {unknown}
 t - a potion of ambrosia {unknown}
 C - a potion of magic {unknown}
 D - a potion of heal wounds {unknown}
 F - a potion of lignification
 J - 2 potions of curing
 L - a potion of invisibility {unknown}


   Skills:
 + Level 9.6 Fighting
 * Level 12.5(12.6) Axes
 - Level 2.0(8.3) Maces & Flails
 - Level 0.1 Throwing
 + Level 9.1 Armour
 + Level 8.4 Dodging


You had 9 spell levels left.
You didn't know any spells.
Your spell library contained the following spells:

 Spells                   Type           Power      Damage    Failure   Level
 Ensorcelled Hibernation  Hex/Ice        0%         N/A       99%         2
 Passwall                 Tmut/Erth      0%         N/A       99%         2
 Swiftness                Air            0%         N/A       100%        3


Dungeon Overview and Level Annotations

Branches:
Dungeon (10/15)            Temple (1/1) D:4
   Lair: D:8-11         Orc: D:9-12

Altars:
Ashenzari
Cheibriados
Dithmenos
Elyvilon
Fedhas
Gozag
Hepliaklqana
Kikubaaqudgha
Makhleb
Nemelex Xobeh
Okawaru
Qazlal
Ru
Sif Muna
Trog
Uskayaw
Vehumet
Wu Jian
Xom
Yredelemnul
Zin
The Shining One

Shops:
D:3 ?   D:5 :   D:6 *

Annotations:
D:9 Erica


Innate Abilities, Weirdness & Mutations

You have a pair of horns on your head.
You reflexively headbutt those who attack you in melee.


Message History

* * * LOW HITPOINT WARNING * * *
Something burns you.
* * * LOW HITPOINT WARNING * * *
Okay, then.
You feel less confused.
The two-headed ogre completely misses you.
The two-headed ogre misses you.
A red film seems to cover your vision as you go berserk!
You feel yourself moving faster!
You feel mighty!
You hear some strange, mumbled words.
Something tries to affect you, but you resist.
The two-headed ogre barely misses you. You furiously retaliate!
You headbutt the two-headed ogre. The two-headed ogre barely misses you.
You slice the two-headed ogre!! You freeze the two-headed ogre!
You kill the two-headed ogre!
Trog accepts your kill.
You miss something. Something barely misses you.
Your life force feels restored.
Your Armour skill increases to level 9!
You are too berserk!
You are too berserk!
You feel a strong urge to attack something.
Something hits you.
* * * LOW HITPOINT WARNING * * *
Something burns you.
* * * LOW HITPOINT WARNING * * *
You feel your anger nearly subside.
You are no longer berserk.
You are exhausted.
You feel yourself slow down.
You hear some strange, mumbled words.
Something tries to affect you, but you resist.
Something hits you but does no damage. Something hits you but does no damage.
You hear some strange, mumbled words.
A lance of force appears from out of thin air!
The lance of force hits you!!
* * * LOW HITPOINT WARNING * * *
You are knocked back by the lance of force.
You slam into the rock wall!
You die...

#.............# #.
#.............# #.
#.............# #.
#.<...........# #.
#.............# #.
#.............#########.
#######.................
#......)..........
#@................
#.{...............
#.................
...........#+####'####.
...........#.........#.
...........#.........#.
...........#.........#.
...........#.........#.
...........#.........#.


There were no monsters in sight!

Vanquished Creatures
  3 two-headed ogres
  The ghost of sanka the Summoner, a novice GnSu of Ashenzari (D:7)
  A troll (D:8)
  5 yaks (D:10)
  A steam dragon (D:7)
  An acid dragon (D:7)
  2 water moccasins
  An orc warrior (D:8)
  2 sky beasts
  2 necrophages
  5 ogres
  2 centaurs (D:8)
  A phantom (D:5)
  A kobold brigand (D:9)
  A wyvern zombie (D:7)
  2 gnoll sergeants
  2 scorpions (D:5)
  A water moccasin zombie (D:5)
  A wyvern skeleton (D:5)
  13 wights (D:9)
  A howler monkey (D:5)
  A bullfrog zombie (D:5)
  An orc priest (D:4)
  2 gnoll shamans
  An iron imp (D:7)
  An iguana (D:5)
  5 orc wizards
  11 adders
  19 gnolls
  A shadow imp (D:8)
  2 white imps
  4 ufetubi
  An adder skeleton (D:4)
  A worm (D:4)
  2 dart slugs
  21 orcs
  9 ball pythons
  10 bats
  6 endoplasms
  A giant cockroach (D:3)
  15 goblins
  11 hobgoblins
  7 quokkas
  5 frilled lizards
  12 kobolds
  3 rats
  A bush (D:1)
202 creatures vanquished.

Vanquished Creatures (others)
  17 plants (D:1)
17 creatures vanquished.

Grand Total: 219 creatures vanquished

Notes
Turn   | Place    | Note
-------+----------+-------------------------------------------
     0 | D:1      | Skulm the Minotaur Berserker began the quest for the Orb.
     0 | D:1      | Reached XP level 1. HP: 19/19 MP: 0/0
   323 | D:1      | Reached XP level 2. HP: 26/27 MP: 1/1
   442 | D:1      | Reached skill level 4 in Axes
   551 | D:1      | Found a faded altar of an unknown god.
   706 | D:1      | Reached ** piety under Trog
  1130 | D:1      | Reached XP level 3. HP: 33/33 MP: 2/2
  2611 | D:3      | Reached XP level 4. HP: 37/40 MP: 3/3
  3014 | D:3      | Found Wamuf's Magic Scroll Shop.
  3124 | D:3      | Reached skill level 5 in Axes
  3124 | D:3      | Reached XP level 5. HP: 45/47 MP: 4/4
  3186 | D:3      | Bought a scroll of identify for 28 gold pieces
  3186 | D:3      | Bought a scroll of identify for 28 gold pieces
  3186 | D:3      | Bought a scroll of identify for 28 gold pieces
  3234 | D:3      | Reached *** piety under Trog
  3902 | D:4      | Found a staircase to the Ecumenical Temple.
  3921 | D:4      | Reached XP level 6. HP: 32/55 MP: 5/5
  3937 | D:4      | Reached skill level 5 in Fighting
  4073 | D:4      | Reached skill level 6 in Axes
  4404 | Temple   | Entered the Ecumenical Temple
  4821 | D:5      | Entered Level 5 of the Dungeon
  4849 | D:5      | HP: 1/56 [gnoll (6)]
  4877 | D:5      | Reached XP level 7. HP: 15/61 MP: 6/6
  5275 | D:5      | Reached skill level 7 in Axes
  5275 | D:5      | Reached skill level 5 in Armour
  5560 | D:5      | Reached skill level 5 in Dodging
  5560 | D:5      | Reached XP level 8. HP: 67/70 MP: 7/7
  5629 | D:5      | Identified the +1 robe of Winter {MP+9 Str+6 Int-2 Dex+4}
  5723 | D:5      | Reached skill level 8 in Axes
  5771 | D:5      | Found Plog's Book Shoppe.
  6247 | D:6      | Found a glowing silver altar of Zin.
  6436 | D:6      | Found Nagorph's General Store.
  6458 | D:6      | Reached **** piety under Trog
  7323 | D:7      | Reached skill level 9 in Axes
  7500 | D:7      | Reached XP level 9. HP: 44/79 MP: 8/8
  7694 | D:7      | You fall into a shaft and drop 3 floors!
  7694 | D:10     | Entered Level 10 of the Dungeon
  7718 | D:10     | Reached skill level 10 in Axes
  8136 | D:9      | Noticed a two-headed ogre
  8143 | D:9      | Killed a two-headed ogre
  8144 | D:9      | Reached skill level 11 in Axes
  8284 | D:9      | Noticed Erica
  8619 | D:8      | Noticed a troll
  8627 | D:8      | Killed a troll
  8628 | D:8      | Reached XP level 10. HP: 90/90 MP: 9/9
  8712 | D:8      | Found a blossoming altar of Fedhas.
  9772 | D:7      | Noticed sanka's ghost (novice GnSu)
  9773 | D:7      | Found a transporter.
  9774 | D:7      | Identified the +6 dire flail "Juovvaid" {drain, rF+++}
  9774 | D:7      | Noticed a two-headed ogre
  9782 | D:7      | Found a transporter.
  9805 | D:7      | Killed sanka's ghost
  9808 | D:7      | Killed a two-headed ogre
  9809 | D:7      | Reached skill level 12 in Axes
 10297 | D:7      | Found a burning altar of Makhleb.
 10491 | D:7      | Found a radiant altar of Vehumet.
 10497 | D:7      | Found a shimmering blue altar of Sif Muna.
 10502 | D:7      | Found a hazy altar of Hepliaklqana.
 10732 | D:9      | Reached skill level 1 in Maces & Flails
 11422 | D:9      | Noticed a two-headed ogre
 11434 | D:9      | Killed a two-headed ogre
 11443 | D:9      | HP: 2/91 [something/lance of force (19)]
 11443 | D:9      | Collided with a rock wall

Illustrated notes

Levels and vault maps discovered:
D:1:      lemuel_arrival_behind_the_door_small, layout_rooms, serial_forest,
          infiniplex_forest_split, infiniplex_forest_clump_long,
          infiniplex_forest_clump_curved, infiniplex_forest_clump_double,
          infiniplex_forest_clump_long, infiniplex_forest_lined_3,
          infiniplex_forest_end_3, infiniplex_forest_join,
          infiniplex_forest_zigzag_2, hellmonk_ecumenical_altar_heavens_door,
          serial_bayou_pond_d
D:2:      layout_loops_ring
D:3:      wad_river_or_something, layout_basic, serial_shops, shop,
          chequers_decorated_corner
D:4:      layout_cave_pools, minmay_temple_entry_butterflies, abandoned_shop
D:5:      layout_loops_ring, serial_shops, kennysheep_mini
D:6:      layout_basic, lemuel_tele_altar, serial_shops,
          nicolae_shop_competitors_out_of_business, minmay_ogre_servants
D:7:      layout_basic, minmay_overflow_temple_star_quad, makhleb_grotto_becter,
          gammafunk_ghost_smash, minmay_crossroads
D:8:      layout_gridville, amcnicky_altar_gilded
D:9:      layout_gridville, feat_on_display, uniq_erica
D:10:     gammafunk_wand_slinger, layout_long_grid, dpeg_oklobed_lair,
          muffindrake_ghost_dual_entry, grunt_ministairs_11, sword_in_stone
Temple:   regret_index_temple_sphere_string

Skill      XL: |  1  2  3  4  5  6  7  8  9 10 |
---------------+-------------------------------+-----
Fighting       | 4 5 6 7 8 9 |  9.6
Axes           | 4 5 6 7 9 11 12 | 12.5
Armour         | 3 4 5 6 8 9 |  9.1
Dodging        | 3 4 5 6 7 8 |  8.4
Maces & Flails | 2 |  2.0
Throwing       | |  0.1

Action                   |  1- 3 |  4- 6 |  7- 9 | 10-12 || total
-------------------------+-------+-------+-------+-------++-------
Melee: Hand axe          |   125 |       |       |       ||   125
       Headbutt          |    26 |    14 |    32 |    12 ||    84
       Punch             |     3 |     1 |     5 |       ||     9
       War axe           |    24 |   143 |   193 |    37 ||   397
       Great mace        |       |       |       |    27 ||    27
Throw: Stone             |    20 |     9 |       |       ||    29
Invok: Berserk           |       |     3 |     2 |     3 ||     8
       Trog's Hand       |       |     4 |       |       ||     4
       Brothers in Arms  |       |       |     1 |       ||     1
Evoke: Wand              |     3 |       |       |       ||     3
  Use: Potion            |     2 |     2 |       |       ||     4
       Scroll            |       |       |     2 |       ||     2
Armor: Ring mail         |    27 |       |       |       ||    27
       Chain mail        |    17 |    87 |    93 |    25 ||   222
       Skin              |       |    61 |       |       ||    61
Dodge: Dodged            |    49 |    67 |   109 |    55 ||   280

Table legend: (Time is in decaauts)
 A = Elapsed time spent in this place.
 B = Non-inter-level travel time spent in this place.
 C = Inter-level travel time spent in this place.
 D = Time resting spent in this place.
 E = Time spent auto-exploring this place.
 F = Levels seen in this place.
 G = Mean time per level.
                   A        B        C        D        E       F      G
               +--------+--------+--------+--------+--------+-----+--------+
         Total |  11602 |  11500 |    102 |   2911 |   5259 |  11 | 1054.7 |
       Dungeon |  11210 |  11108 |    102 |   2711 |   5134 |  10 | 1121.0 |
        Temple |    391 |    391 |      0 |    200 |    125 |   1 |  391.0 |
               +--------+--------+--------+--------+--------+-----+--------+

Top non-repeatable levels by time:
     D:1: 1495 daAuts
     D:7: 1440 daAuts
     D:8: 1401 daAuts
     D:4: 1210 daAuts
     D:3: 1199 daAuts
     D:5: 1167 daAuts
     D:6: 1138 daAuts
     D:9: 1137 daAuts
     D:2: 803 daAuts
  Temple: 391 daAuts
    D:10: 216 daAuts
